 Seeded DCSS version 0.30.1-6-gbe392663c4 (webtiles) character file.

Game seed: 1416809328348268147 (custom seed)

20 Psyclone the Chiller (level 2, -2/15 HPs)
             Began as a Deep Elf Ice Elementalist on Sept 20, 2023.
             Slain by Duvessa
             ... wielding a +0 vampiric short sword
              (11 damage)
             ... on level 4 of the Dungeon.
             The game lasted 00:01:50 (291 turns).

Psyclone the Chiller (Deep Elf Ice Elementalist)     Turns: 291, Time: 00:01:51

Health: -2/15      AC:  2    Str:  5    XL:     2   Next: 58%
Magic:  6/8        EV: 13    Int: 19    God:
Gold:   74         SH:  0    Dex: 15    Spells: 6/7 levels left

rFire   . . .        d - +0 dagger
rCold   . . .        (no shield)
rNeg    . . .        a - +0 robe
rPois   .            (no helmet)
rElec   .            (no cloak)
rCorr   .            (no gloves)
SInv    .            (no boots)
Will    .....        (no amulet)
Stlth   ++           (no ring)
HPRegen 0.22/turn    (no ring)
MPRegen 0.11/turn

%: no passive effects
@: no status effects
A: no striking features
a: no special abilities


You were on level 4 of the Dungeon.
You visited 1 branch of the dungeon, and saw 4 of its levels.

You collected 74 gold pieces.

Inventory:

Hand Weapons
 d - a +0 dagger (weapon)
Armour
 a - a +0 robe (worn)
Scrolls
 c - 2 scrolls of identify {unknown}
Potions
 b - a potion of magic
 e - a potion of experience {unknown}


   Skills:
 + Level 2.8 Dodging
 + Level 2.9 Stealth
 + Level 3.4 Spellcasting
 + Level 4.6 Ice Magic


You had 6 spell levels left.
You knew the following spells:

 Your Spells              Type           Power      Damage    Failure   Level
a - Freeze                Ice            80%        1d9       2%          1

Your spell library contained the following spells:

 Spells                   Type           Power      Damage    Failure   Level
 Frozen Ramparts          Ice            40%        1d7       6%          3
 Ozocubu's Armour         Ice            20%        N/A       6%          3
 Summon Ice Beast         Ice/Summ       12%        N/A       50%         4


Dungeon Overview and Level Annotations

Branches:
Dungeon (4/15) Zot: 23709
 Temple: D:4-7

Altars:

Annotations:
D:4 Dowan, Duvessa


Message History

Aim: a kobold, wielding a +0 short sword and quivering stones (severely wounded)
You freeze the kobold.
You kill the kobold!
You now have 4/8 mp.
You now have 69 gold pieces (gained 14).
Your magical contamination has completely faded away.
You start resting.
Magic restored.
MP restored: 8
Found 5 gold pieces.
Duvessa, Dowan, a kobold and a hound come into view.
Duvessa is wielding a +0 vampiric short sword.
Found a pair of boots.
The kobold shouts!
You see here 5 gold pieces.
You now have 74 gold pieces (gained 5).
Dowan shouts!
Duvessa shouts!
The hound barks!
Casting: Freeze (safe; 2% risk of failure)
Confirm with . or Enter, or press ? or * to list all spells.
You don't know that spell.
Casting: Freeze (safe; 2% risk of failure)
Confirm with . or Enter, or press ? or * to list all spells.
Aiming: Freeze (safe; 2% risk of failure)
Press: ? - help, Shift-Dir - straight line, f - Duvessa
Aim: Duvessa, wielding a +0 vampiric short sword and wearing a +0 leather armour You freeze Duvessa.
Duvessa is lightly wounded.
Duvessa hits you with a +0 vampiric short sword.
Duvessa draws strength from your wounds!
You take 6 damage, and have 9/15 hp.
MASSIVE DAMAGE!!
You now have 7/8 mp.
Casting: Freeze (safe; 2% risk of failure)
Confirm with . or Enter, or press ? or * to list all spells.
Aiming: Freeze (safe; 2% risk of failure)
Press: ? - help, Shift-Dir - straight line, f/p - Duvessa
Aim: Duvessa, wielding a +0 vampiric short sword and wearing a +0 leather armour (lightly wounded)
You freeze Duvessa.
Duvessa is moderately wounded.
Duvessa hits you with a +0 vampiric short sword!
Ouch! That really hurt!
You die...

...[...........
....h..........
...e...........
#....K.........
#..............
#..e.........
#........# ##
##eh...# ##.##
##@...###
......##....##
..............###
#.............##
#..............#
.#.............##
...............#
#..............#
#.........)..##


You could see Duvessa and a hound.

Vanquished Creatures
  An adder (D:2)
  A worm (D:2)
  A ball python (D:4)
  3 endoplasms
  A goblin (D:2)
  A kobold (D:4)
8 creatures vanquished.

Notes
Turn   | Place    | Note
-------+----------+-------------------------------------------
     0 | D:1      | Psyclone the Deep Elf Ice Elementalist began the quest for
                  | the Orb.
     0 | D:1      | Reached XP level 1. HP: 10/10 MP: 6/6
     0 | D:1      | Noticed a minotaur
     0 | D:1      | Noticed a gargoyle
     3 | D:1      | Noticed an elf
     5 | D:1      | Noticed a dwarf
     7 | D:1      | Noticed a dwarf
     8 | D:1      | Noticed a vine stalker
    10 | D:1      | Noticed an octopode
    10 | D:1      | Noticed an elf
    12 | D:1      | Noticed an octopode
    13 | D:1      | Noticed a demigod
    14 | D:1      | Noticed a gargoyle
    17 | D:1      | Noticed a demonspawn
    19 | D:1      | Noticed a vampire
    19 | D:1      | Noticed an octopode
   145 | D:2      | Reached XP level 2. HP: 15/15 MP: 6/8
   286 | D:4      | Noticed Duvessa
   286 | D:4      | Noticed Dowan
   291 | D:4      | Slain by Duvessa

Illustrated notes

Levels and vault maps discovered:
D:1:      shiori_arrival_whats_in_store_for_you, layout_basic
D:2:      layout_rooms, serial_shops, shop, basic_altar
D:3:      layout_rooms, lemuel_tele_altar, nicolae_overflow_hallway_of_the_gods,
          chequers_serial_rivers_small_3
D:4:      layout_cave_pods, serial_shops, kennysheep_mini, uniq_duvessa

Action                     || total
---------------------------++-------
   Cast: Freeze            ||    20
  Dodge: Dodged            ||     9
